 Dungeon Crawl Stone Soup version 0.25.0-9-g26727b657a (webtiles) character file.

Game seed: 1111967421994260720

112563 Flugkiller the Severer (level 15, -12/213 HPs)
             Began as a Deep Dwarf Fighter on June 20, 2020.
             Was the Champion of Makhleb.
             Mangled by an emperor scorpion (25 damage)
             ... on level 4 of the Spider Nest.
             The game lasted 00:11:27 (12801 turns).

Flugkiller the Severer (Deep Dwarf Fighter)        Turns: 12801, Time: 00:11:28

Health: -12/213    AC: 25    Str: 24 (26) XL:     15   Next: 78%
Magic:  1/15       EV:  5    Int:  6 (9)  God:    Makhleb [******]
Gold:   1254       SH: 21    Dex: 12      Spells: 14/14 levels left

rFire    . . .     SeeInvis .   G - +3 war axe (flame)
rCold    . . .     Gourm    .   Q - +2 tower shield
rNeg     + . .     Faith    .   L - +0 plate armour
rPois    +         Spirit   .   A - +0 helmet
rElec    .         Reflect  .   f - +1 cloak
rCorr    .         Harm     .   P - +0 pair of gloves (curse)
MR       ++...                  (no boots)
Stlth    ..........             (no amulet)
HPRegen  0.00/turn              o - ring of poison resistance
MPRegen  0.14/turn              p - +4 ring of protection

@: berserking (expiring), lethally poisoned (-12 -> -75), non-regenerating, very
quick
A: damage resistance, heal wounds, negative energy resistance 1, sense
surroundings 2, no regeneration
}: 1/15 runes: decaying
a: Heal Wounds, Minor Destruction, Lesser Servant of Makhleb, Major Destruction,
Greater Servant of Makhleb, Renounce Religion


You were on level 4 of the Spider Nest.
You worshipped Makhleb.
Makhleb was exalted by your worship.
You were not hungry.

You visited 5 branches of the dungeon, and saw 25 of its levels.
You also visited: Bailey.

You collected 1442 gold pieces.
You spent 188 gold pieces at shops.

Inventory:

Hand Weapons
 G - a +3 war axe of flaming (weapon)
   (You bought it in a shop on level 5 of the Dungeon)
 J - the +7 hand axe of the Toadstool {freeze, MR+ Dex+4}
   (You found it on level 10 of the Dungeon)

   It has been specially enchanted to freeze those struck by it, causing extra
   injury to most foes and up to half again as much damage against particularly
   susceptible opponents.
   It can also slow down cold-blooded creatures.
   It affects your dexterity (+4).
   It affects your resistance to hostile enchantments.
Missiles
 I - 2 throwing nets (quivered)
Armour
 f - a +1 cloak (worn)
   (You found it on level 3 of the Dungeon)
 A - a +0 helmet (worn)
   (You found it on level 7 of the Dungeon)
 L - a +0 plate armour (worn)
   (You took it off an orc warrior in a bailey)
 P - a cursed +0 pair of gloves (worn)
   (You found it on level 2 of the Swamp)
 Q - a +2 tower shield (worn)
   (You took it off Louise on level 2 of the Swamp)
Jewellery
 m - an uncursed ring of protection from magic
   (You found it on level 10 of the Dungeon)
 o - a ring of poison resistance (left hand)
   (You found it on level 5 of the Dungeon)
 p - a +4 ring of protection (right hand)
   (You found it on level 1 of the Lair of Beasts)
Wands
 a - a wand of paralysis (28)
   (You found it on level 8 of the Dungeon)
 g - a wand of enslavement (5)
   (You found it on level 2 of the Lair of Beasts)
 v - a wand of digging (2)
   (You found it on level 5 of the Dungeon)
 y - a wand of clouds (8)
   (You found it on level 6 of the Lair of Beasts)
 F - a wand of acid (29)
   (You found it on level 8 of the Dungeon)
 N - a wand of iceblast (10)
   (You found it on level 5 of the Lair of Beasts)
Scrolls
 n - 2 scrolls of holy word
 s - 3 scrolls of enchant armour
 t - 7 scrolls of teleportation
 x - 9 scrolls of remove curse
 B - a scroll of magic mapping
 C - a scroll of enchant weapon
 M - a scroll of immolation
 O - a scroll of vulnerability
Potions
 b - 3 potions of lignification
 d - 4 potions of might
 h - 2 potions of haste
 i - a potion of invisibility
 j - 3 potions of flight
 q - 5 potions of curing
 u - 3 potions of resistance
 w - 2 potions of heal wounds
 E - a potion of ambrosia
 H - a potion of magic
 K - a potion of mutation
Miscellaneous
 D - a tin of tremorstones (3/3)
   (You found it on level 4 of the Lair of Beasts)
Comestibles
 e - 29 rations


   Skills:
 + Level 11.2 Fighting
 * Level 17.2 Axes
 + Level 13.0 Armour
 + Level 13.1 Shields
 + Level 14.0 Invocations
 - Level 6.0 Evocations


You had 14 spell levels left.
You didn't know any spells.
Your spell library was empty.

Dungeon Overview and Level Annotations

Branches:
Dungeon (10/15)            Temple (1/1) D:4            Lair (6/6) D:9
  Swamp (4/4) Lair:4       Spider (4/4) Lair:2        Slime (0/5) Lair:6
    Orc (0/2) D:10         Bailey (visited)

Altars:
Ashenzari
Cheibriados
Dithmenos
Elyvilon
Fedhas
Gozag
Hepliaklqana
Kikubaaqudgha
Makhleb
Nemelex Xobeh
Okawaru
Qazlal
Ru
Sif Muna
Trog
Uskayaw
Vehumet
Wu Jian
Xom
Yredelemnul
Zin
The Shining One
Jiyva
Lugonu

Shops:
D:5 (   D:7 *

Annotations:
D:4 exclusion: statue
D:9 2 transporters
Lair:2 exclusion: 2 oklob plants
Lair:6 exclusion: 3 oklob plants
Swamp:4 1 runed translucent door, Jacimip's ghost, journeyman HaHu


Innate Abilities, Weirdness & Mutations

You are resistant to damage.
You can heal yourself by infusing magical energy.
You resist negative energy. (rN+)
You passively map the area around you.
You do not regenerate.


Message History

You hit the emperor scorpion but do no damage.
Your shield prevents you from hitting the emperor scorpion.
* * * LOW HITPOINT WARNING * * *
You feel very sick. You block the hornet's attack.
You block the emperor scorpion's attack.
The emperor scorpion claws you.
The emperor scorpion claws you but does no damage.
You block the emperor scorpion's attack.
The emperor scorpion claws you.
* * * LOW HITPOINT WARNING * * *
The emperor scorpion claws you but does no damage.
You slash the hornet! You burn the hornet.
The hornet is almost dead.
You closely miss the emperor scorpion.
You hit the emperor scorpion but do no damage.
* * * LOW HITPOINT WARNING * * *
You feel very sick. You block the hornet's attack.
The emperor scorpion stings you!!
You die...

, , #.......## , ^
, #..^.....# .. ,
^ , #^≈†.....#^...
^ * , ,
##^......#.... ,,
#≈^.†$.##.... ,* ,
#.†.†^##.^... * ,
#^†.††#...^.. * ,
.s#^††°s^.^^... *
≈,...≈s^s§y@^#..^^
*
.....#.†s..#^...^,
* ....^#s.....≈ ^
*
.^^^.≈^.....s^^,≈
*
^?........$....^.
^........^.....^#*
^^...........^#
........^...^≈# *,


You could see 2 emperor scorpions, 3 orb spiders, a hornet, a jumping spider and
a redback.

Vanquished Creatures
  A thorn hunter (Swamp:4)
  Aizul (Swamp:2)
  A ghost moth (Spider:4)
  Louise (Swamp:2)
  Harold (D:9)
  24 hydras
  2 shambling mangroves
  2 catoblepae
  3 alligators
  2 two-headed ogres
  6 death yaks (Lair:6)
  A deep troll shaman (Lair:6)
  Sonja (D:10)
  6 swamp dragons (Swamp:4)
  A spriggan druid (Swamp:2)
  An unseen horror (D:10)
  Pikel (D:7)
  11 wolf spiders
  An orb spider (Spider:3)
  16 elephants
  4 black mambas
  A molten gargoyle (Lair:1)
  11 spiny frogs
  A torpor snail (Lair:5)
  5 komodo dragons
  4 demonic crawlers
  2 trolls (D:9)
  2 polar bears
  2 hornets
  20 jumping spiders
  3 tyrant leeches
  9 hippogriffs
  Prince Ribbit (D:7)
  15 blink frogs
  A bog body (Swamp:2)
  4 dream sheep (Lair:5)
  10 tarantellas
  27 redbacks
  4 shadows
  2 wyverns
  34 yaks
  Grum (D:8)
  5 basilisks
  A hungry ghost (D:8)
  8 swamp worms
  16 vampire mosquitoes
  Menkaure (D:7)
  6 insubstantial wisps (Swamp:1)
  10 water moccasins
  Duvessa (D:4)
  8 porcupines
  7 orc warriors
  2 ice beasts
  8 swamp drakes
  A necrophage (D:7)
  4 black bears
  3 slaves (D:7)
  3 phantoms
  4 ogres
  18 wolves
  4 centaurs
  11 crocodiles
  A big kobold (D:10)
  13 bullfrogs
  A wyvern skeleton (D:6)
  Dowan (D:4)
  3 scorpions
  6 killer bees (D:7)
  9 wights
  2 howler monkeys (D:7)
  6 crimson imps
  A centaur zombie (D:7)
  A wyvern simulacrum (D:10)
  A bullfrog zombie (D:6)
  3 hounds (D:4)
  2 jellies
  5 orc wizards
  4 iguanas
  5 orc priests
  2 bullfrog skeletons
  A centaur skeleton (D:6)
  Ijyb (D:3)
  4 worker ants
  A bullfrog simulacrum (D:10)
  2 centaur simulacra (D:10)
  A hound skeleton (D:6)
  A hound zombie (D:8)
  3 worker ant zombies
  A gnoll (Bailey)
  A howler monkey skeleton (D:4)
  8 adders
  2 oozes (D:6)
  4 adder skeletons
  3 worms
  5 leopard geckos
  47 orcs
  4 giant cockroaches
  4 goblins
  4 hobgoblins
  7 jackals
  3 quokkas
  4 bats
  2 frilled lizards (D:4)
  A jackal zombie (D:6)
  6 kobolds
  A quokka skeleton (D:7)
  2 rats (D:3)
  4 fungi
  5 plants
565 creatures vanquished.

Vanquished Creatures (collateral kills)
  A ghost moth (Spider:4)
  A spark wasp (Spider:4)
  An orb spider (Spider:4)
  6 wolf spiders (Spider:4)
  2 moths of wrath (Spider:4)
  2 demonic crawlers (Spider:4)
  6 jumping spiders (Spider:4)
  2 hornets (Spider:4)
  A hippogriff (Lair:6)
  12 redbacks
  10 tarantellas (Spider:4)
  2 yaks (Lair:2)
  2 swamp drakes
48 creatures vanquished.

Grand Total: 613 creatures vanquished

Notes
Turn   | Place    | Note
-------+----------+-------------------------------------------
     0 | D:1      | Flugkiller the Deep Dwarf Fighter began the quest for the
                  | Orb.
     0 | D:1      | Reached XP level 1. HP: 20/20 MP: 1/1
   171 | D:2      | Reached XP level 2. HP: 22/27 MP: 2/2
   298 | D:3      | Reached skill level 3 in Axes
   298 | D:3      | Reached XP level 3. HP: 25/34 MP: 3/3
   347 | D:3      | Found a bloodstained altar of Trog.
   348 | D:3      | Noticed Ijyb
   379 | D:3      | Killed Ijyb
   379 | D:3      | Reached XP level 4. HP: 24/42 MP: 4/4
   521 | D:4      | Noticed an ogre
   531 | D:4      | Killed an ogre
   531 | D:4      | Reached skill level 4 in Axes
   531 | D:4      | Reached XP level 5. HP: 21/49 MP: 5/5
   740 | D:4      | Reached XP level 6. HP: 38/57 MP: 6/6
   757 | D:4      | Noticed Dowan
   759 | D:4      | Noticed Duvessa
   776 | D:4      | Killed Duvessa
   776 | D:4      | Reached skill level 5 in Axes
   788 | D:4      | Killed Dowan
   804 | D:4      | Found a radiant altar of Vehumet.
   821 | D:4      | Found a staircase to the Ecumenical Temple.
   837 | Temple   | Entered the Ecumenical Temple
   930 | Temple   | Became a worshipper of Makhleb the Destroyer
  1009 | D:4      | Reached XP level 7. HP: 56/64 MP: 7/7
  1163 | D:4      | Reached skill level 1 in Invocations
  1185 | D:4      | Reached skill level 5 in Shields
  1212 | D:4      | Reached skill level 5 in Armour
  1402 | D:5      | Entered Level 5 of the Dungeon
  1423 | D:5      | Reached skill level 6 in Axes
  1424 | D:5      | Found a sparkling altar of Nemelex Xobeh.
  1495 | D:5      | Found Qoewusk's Antique Weapon Shop.
  2064 | D:6      | Reached XP level 8. HP: 53/73 MP: 8/10
  2071 | D:6      | Reached * piety under Makhleb
  2087 | D:6      | Reached skill level 7 in Axes
  2191 | D:6      | Noticed a hornet
  2202 | D:6      | Paralysed by a hornet for 1 turns
  2210 | D:6      | Paralysed by a hornet for 3 turns
  2215 | D:6      | Paralysed by a hornet for 2 turns
  2226 | D:6      | Killed a hornet
  2226 | D:6      | Reached skill level 5 in Fighting
  2524 | D:6      | Reached skill level 8 in Axes
  2543 | D:6      | Gained mutation: You passively map the area around you.
                  | [Deep Dwarf growth]
  2543 | D:6      | Reached XP level 9. HP: 42/81 MP: 11/11
  2919 | D:7      | Noticed Menkaure
  2933 | D:7      | Killed Menkaure
  2933 | D:7      | Reached skill level 5 in Invocations
  2947 | D:7      | Reached ** piety under Makhleb
  2977 | D:7      | Found Ylleniraki's Assorted Antiques.
  3000 | D:7      | Noticed Prince Ribbit
  3030 | D:7      | Reached skill level 9 in Axes
  3033 | D:7      | Noticed Pikel
  3072 | D:7      | Killed Pikel
  3122 | D:7      | Killed Prince Ribbit
  3308 | D:7      | Reached XP level 10. HP: 75/90 MP: 12/12
  3486 | D:8      | Noticed Grum
  3512 | D:8      | Killed Grum
  3605 | D:8      | Noticed a +0 dagger
  3606 | D:8      | Found a hide-covered altar of Uskayaw.
  3607 | D:8      | Noticed a +0 dagger
  3721 | D:5      | Bought a runed war axe for 188 gold pieces
  4009 | D:8      | Reached skill level 10 in Axes
  4011 | D:8      | Reached *** piety under Makhleb
  4064 | D:9      | Noticed a two-headed ogre
  4070 | D:9      | Killed a two-headed ogre
  4133 | D:9      | Found an ornate altar of the Wu Jian Council.
  4221 | D:9      | Noticed an elephant
  4222 | D:9      | Found a staircase to the Lair.
  4233 | D:9      | Killed an elephant
  4263 | D:9      | Found a transporter.
  4265 | D:9      | Found a corrupted altar of Lugonu.
  4266 | D:9      | Noticed a red ugly thing
  4266 | D:9      | Noticed a red ugly thing
  4302 | D:9      | Found a transporter.
  4304 | D:9      | Noticed Harold
  4328 | D:9      | Killed Harold
  4328 | D:9      | Reached skill level 11 in Axes
  4463 | D:9      | Found a shimmering altar of Xom.
  4465 | D:9      | Found an opulent altar of Gozag.
  4504 | D:9      | Reached XP level 11. HP: 94/100 MP: 13/13
  4542 | D:9      | Found an ancient bone altar of Kikubaaqudgha.
  4783 | D:10     | Entered Level 10 of the Dungeon
  4920 | D:10     | Found a flagged portal.
  4923 | D:10     | Noticed a two-headed ogre
  4938 | D:10     | Killed a two-headed ogre
  4949 | D:10     | Reached **** piety under Makhleb
  4954 | D:10     | Got a transparent hand axe
  4957 | Bailey   | Entered a bailey
  4999 | Bailey   | Found a bloodstained altar of Trog.
  5082 | D:10     | Identified the +7 hand axe of the Toadstool {freeze, MR+
                  | Dex+4} (You found it on level 10 of the Dungeon)
  5135 | D:10     | Killed an unseen horror
  5157 | D:10     | Noticed Sonja
  5168 | D:10     | Killed Sonja
  5437 | D:10     | Found a staircase to the Orcish Mines.
  5443 | D:10     | Reached skill level 12 in Axes
  5737 | Lair:1   | Entered Level 1 of the Lair of Beasts
  6043 | Lair:1   | Reached XP level 12. HP: 39/110 MP: 14/14
  6261 | Lair:1   | Noticed a six-headed hydra
  6269 | Lair:1   | Killed a one-headed hydra
  6503 | Lair:2   | Reached ***** piety under Makhleb
  6847 | Lair:2   | Reached skill level 10 in Invocations
  6973 | Lair:2   | Reached skill level 13 in Axes
  6973 | Lair:2   | Reached skill level 10 in Shields
  7000 | Lair:2   | Reached skill level 10 in Armour
  7008 | Lair:2   | Found a hole to the Spider Nest.
  7466 | Lair:3   | Noticed an eight-headed hydra
  7484 | Lair:3   | Killed a two-headed hydra
  8134 | Lair:4   | Noticed an eight-headed hydra
  8147 | Lair:4   | Killed a three-headed hydra
  8271 | Lair:4   | Reached XP level 13. HP: 104/120 MP: 15/15
  8353 | Lair:4   | Found a staircase to the Swamp.
  8394 | Lair:4   | Reached skill level 14 in Axes
  8394 | Lair:4   | Reached skill level 1 in Evocations
  8611 | Lair:4   | You fall into a shaft and drop 2 floors!
  8611 | Lair:6   | Entered Level 6 of the Lair of Beasts
  8915 | Lair:6   | Reached ****** piety under Makhleb
  9196 | Lair:6   | Found a viscous altar of Jiyva.
  9198 | Lair:6   | Found a staircase to the Slime Pits.
  9561 | Lair:5   | Reached skill level 5 in Evocations
  9563 | Lair:5   | Reached skill level 15 in Axes
  9592 | Lair:5   | Gained mutation: You resist negative energy. (rN+) [Deep
                  | Dwarf growth]
  9592 | Lair:5   | Reached XP level 14. HP: 125/130 MP: 17/17
 10496 | Swamp:1  | Entered Level 1 of the Swamp
 11043 | Swamp:1  | Reached skill level 10 in Fighting
 11155 | Swamp:1  | You fall into a shaft and drop 1 floor!
 11556 | Swamp:2  | Noticed Louise
 11592 | Swamp:2  | Killed Louise
 11648 | Swamp:2  | Noticed Aizul
 11701 | Swamp:2  | Killed Aizul
 11888 | Swamp:4  | Entered Level 4 of the Swamp
 11924 | Swamp:4  | Reached skill level 16 in Axes
 11964 | Swamp:4  | Noticed a thorn hunter
 11994 | Swamp:4  | Reached XP level 15. HP: 64/140 MP: 17/17
 12006 | Swamp:4  | Killed a thorn hunter
 12182 | Swamp:4  | Found a runed translucent door.
 12182 | Swamp:4  | Found a shimmering altar of Xom.
 12182 | Swamp:4  | Noticed Jacimip's ghost (journeyman HaHu)
 12212 | Swamp:4  | Got a decaying rune of Zot
 12434 | Spider:1 | Entered Level 1 of the Spider Nest
 12665 | Spider:4 | Entered Level 4 of the Spider Nest
 12729 | Spider:4 | Reached skill level 17 in Axes
 12785 | Spider:4 | Killed a ghost moth
 12793 | Spider:4 | Killed a ghost moth
 12801 | Spider:4 | Mangled by an emperor scorpion

Illustrated notes

Levels and vault maps discovered:
D:1:      dpeg_arrival_rooms_a, layout_rooms
D:2:      layout_basic, minmay_close_crescents, uniq_natasha, uniq_sigmund
D:3:      layout_basic, first_ration, serial_bayou, serial_bayou_shore_a,
          serial_bayou_pond_e, serial_bayou_ford_a, serial_bayou_shore_b,
          trog_book, uniq_grinder, uniq_ijyb, uniq_robin
D:4:      layout_basic, vehumet_statue, minmay_temple_entry_statues_fountains,
          uniq_duvessa
D:5:      layout_rooms, nemelex_xobeh_ov_fountains_minmay, serial_shops,
          nicolae_shop_trees, dk_noncrumbling_4, minivault_5
D:6:      layout_loops_ring
D:7:      layout_rooms, serial_shops, shop, kennysheep_flooded_box, uniq_pikel,
          uniq_prince_ribbit1, uniq_menkaure
D:8:      layout_rooms, dancing_weapons_uskayaw, minmay_crossroads, uniq_grum
D:9:      gammafunk_corrupted_shrine, layout_irregular_city,
          chequers_temple_overflow_statue_of_worship, lemuel_doored_altar,
          david_lair_generic, basic_altar, uniq_harold
D:10:     layout_loops_ring, david_orc_2, enter_bailey_2, serial_ice,
          serial_ice_k, serial_ice_g, serial_ice_o, serial_ice_e, uniq_sonja
Temple:   lightli_temple_of_artemis
Lair:1:   layout_gridlike, grunt_megastairs_2
Lair:2:   layout_chaotic_city, nicolae_spider_entry_tight_spaces,
          beast_lair_carwin_4, minmay_lair_oklob_chamber
Lair:3:   layout_roguey, serial_bayou_shore_b, grunt_megastairs_3
Lair:4:   layout_cave_pods, minmay_swamp_entry_swarm,
          infiniplex_staircase_pool_2
Lair:5:   layout_small_grid, lemuel_fruit_fields
Lair:6:   grunt_lair_end_beastmaster, layout_misc_corridors, slime_altar_1,
          dpeg_oklob_1
Swamp:1:  layout_basic_swamp, hangedman_swamp_cone
Swamp:2:  layout_falls_marsh, nicolae_swamp_orc_logging_accident, swamp_pool2,
          hangedman_swamp_blocks, uniq_aizul, uniq_louise
Swamp:3:  layout_basic_swamp, gammafunk_ghost_grave,
          evilmike_swamp_ruin_rubble_1, swamp_pool1, infiniplex_staircase_pool
Swamp:4:  swamp, layout_basic_swamp, ebering_ghost_xom, swamp_pool2,
          roderic_carrion_pond
Spider:1: layout_spider_delve
Spider:2: nicolae_spider_mines_3, nicolae_spider_cling_halls
Spider:3: layout_spider_delve, drop_trap
Spider:4: grunt_spider_rune_parallel, drop_trap

Skill      XL: |  1  2  3  4  5  6  7  8  9 10 11 12 13 14 15 |
---------------+----------------------------------------------+-----
Fighting       | 3 4 5 6 7 8 9 10 11 | 11.2
Axes           | 3 4 5 6 8 9 11 12 13 15 16 17 | 17.2
Armour         | 4 5 6 7 8 9 10 11 12 13 | 13.0
Shields        | 4 5 6 7 8 9 10 11 12 13 | 13.1
Invocations    | 2 4 6 7 9 10 12 13 14 | 14.0
Evocations     | 5 6 |  6.0

Action                   |  1- 3 |  4- 6 |  7- 9 | 10-12 | 13-15 || total
-------------------------+-------+-------+-------+-------+-------++-------
Melee: War axe           |    75 |   125 |   350 |   597 |  1048 ||  2195
       Hand axe          |       |       |       |    93 |       ||    93
Invok: Lesser Servant of |       |       |       |       |     7 ||     7
       Greater Servant o |       |       |       |       |     6 ||     6
 Abil: Heal Wounds       |       |     3 |    12 |    11 |    18 ||    44
Evoke: Wand              |       |       |       |     1 |       ||     1
  Use: Scroll            |       |     4 |       |    16 |     6 ||    26
       Potion            |       |       |     4 |       |     5 ||     9
 Stab: Invisible         |       |       |     1 |       |       ||     1
       Paralysed         |       |       |       |     3 |       ||     3
       Petrified         |       |       |       |       |    11 ||    11
       Petrifying        |       |       |       |       |     3 ||     3
       Distracted        |       |       |       |       |     1 ||     1
  Eat: Chunk             |       |     1 |     8 |    14 |     9 ||    32
       Ration            |       |       |       |     1 |     2 ||     3
Armor: Scale mail        |    41 |       |       |       |       ||    41
       Chain mail        |       |   103 |   244 |   165 |       ||   512
       Plate armour      |       |       |       |   272 |   926 ||  1198
Dodge: Dodged            |    36 |    45 |    99 |   215 |   260 ||   655
Block: Kite shield       |    52 |    92 |   244 |   515 |   373 ||  1276
       Tower shield      |       |       |       |       |   667 ||   667
